 Dungeon Crawl Stone Soup version 0.31-a0-486-g8d68a81214 (webtiles) character file.

Game seed: 999439804726191700

52 BigDaddyOpFi the Ruffian (level 3, -9/4 HPs)
             Began as a Hill Orc Shapeshifter on Aug 7, 2023.
             Killed by divine providence
             ... invoked by an orc priest
              (13 damage)
             ... on level 2 of the Dungeon.
             The game lasted 00:01:21 (955 turns).

BigDaddyOpFi the Ruffian (Hill Orc Shapeshifter)     Turns: 955, Time: 00:01:22

Health: -9/4       AC: 12    Str: 29    XL:     3   Next: 85%
Magic:  3/3        EV:  8    Int:  8    God:
Gold:   155        SH:  0    Dex: 11    Spells: 2/2 levels left

rFire   + +          .
                       - Unarmed
rCold   x . .        (shield currently unavailable)
rNeg    . . .        a - melded +0 animal skin
rPois   +            (helmet currently unavailable)
rElec   .            (cloak currently unavailable)
rCorr   .            (gloves currently unavailable)
SInv    .            (boots currently unavailable)
Will    .....        (no amulet)
Stlth   +            (no ring)
HPRegen 0.20/turn    (no ring)
MPRegen 0.08/turn

%: no passive effects
@: dragon-form, flying
A: dragon claw, dragon scales, breathe fire, flying, reduced hp, giant
a: Breathe Fire, Begin Untransformation, Convert to Beogh


You were on level 2 of the Dungeon.
You were a fearsome dragon!
You visited 1 branch of the dungeon, and saw 2 of its levels.

You collected 155 gold pieces.

Inventory:

Armour
 a - a +0 animal skin (melded)
Talismans
 c - a beast talisman
 d - a dragon-blood talisman (active)
Wands
 k - a wand of polymorph (3)
Scrolls
 e - a scroll of revelation {unknown}
 f - a scroll of poison {unknown}
 h - 2 scrolls of teleportation {unknown}
 j - 2 scrolls of immolation {unknown}
Potions
 b - a potion of lignification
 g - a potion of curing {unknown}
 i - 2 potions of heal wounds {unknown}


   Skills:
 + Level 2.3 Fighting
 + Level 2.1 Dodging
 + Level 3.8 Unarmed Combat
 + Level 3.0 Shapeshifting


You had 2 spell levels left.
You didn't know any spells.
Your spell library contained the following spells:

 Spells                   Type           Power      Damage    Failure   Level
 Ozocubu's Armour         Ice            0%         N/A       78%         3
 Ozocubu's Refrigeration  Ice            0%         4d7       100%        7


Dungeon Overview and Level Annotations

Branches:
Dungeon (2/15)

Altars:


Message History

No target in view!
h - 2 scrolls labelled ROSOGI RAGAQOW (gained 1)
A hobgoblin comes into view.
The hobgoblin shouts!
A worm comes into view.
There are monsters nearby!
A bat comes into view.
There are monsters nearby!
The hobgoblin barely misses you.
You barely miss the hobgoblin.
You tail-slap the hobgoblin, but do no damage.
The bat hits you but does no damage. The hobgoblin barely misses you.
You claw the hobgoblin!
You kill the hobgoblin!
The bat hits you but does no damage. The bat barely misses you.
An orc comes into view. It is wielding a +0 hand axe.
The bat hits you.
The orc moves out of view.
You bite the bat!!
You kill the bat!
A frilled lizard comes into view.
You bite the worm!!
You kill the worm!
You see here a bat corpse.
Found 7 stones.
The frilled lizard bites you but does no damage.
You claw the frilled lizard!
You kill the frilled lizard!
No target in view!
An orc comes into view. It is wielding a +0 hand axe.
The orc shouts! x2; You hear an angry hiss.
A frilled lizard comes into view.
An orc priest comes into view. It is wielding a +0 flail.
The orc priest shouts, "Join the one true god or die!" (press Y on the ability menu to convert to Beogh)
The orc priest shouts!
Found an escape hatch in the floor.
The orc priest invokes the aid of Beogh against you.
Beogh smites you!
Ouch! That really hurt!
You die...

#. .....##...
....>...#.###.#....##
.#
.............#......
.(.
..8.............###.
#.. ...o. ##.....(#...
##.###...# #....>.#...
.#..l#.oo.#
#..........
...8...8..#
#......#... . #..D#
#......#... ##. ##.##
###......#..<
#...#...#
##........####
...8...8.###..########
.....#..†....##
..#...##†.#### #
#.#....## .. ###### .#


You could see an orc priest, 2 orcs and a frilled lizard.

Vanquished Creatures
  An adder (D:2)
  2 worms (D:2)
  A dart slug (D:1)
  An endoplasm (D:1)
  3 giant cockroaches
  2 goblins
  A hobgoblin (D:2)
  8 jackals (D:1)
  A quokka (D:1)
  A ball python (D:1)
  4 bats
  A frilled lizard (D:2)
  2 kobolds (D:1)
  8 rats (D:1)
36 creatures vanquished.

Notes
Turn   | Place    | Note
-------+----------+-------------------------------------------
     0 | D:1      | BigDaddyOpFi the Hill Orc Shapeshifter began the quest for
                  | the Orb.
     0 | D:1      | Reached XP level 1. HP: 16/16 MP: 1/1
    87 | D:1      | Reached XP level 2. HP: 21/23 MP: 2/2
   472 | D:1      | Found a faded altar of an unknown god.
   657 | D:1      | Reached XP level 3. HP: 4/29 MP: 3/3
   955 | D:2      | Killed from afar by an orc priest

Illustrated notes

Levels and vault maps discovered:
D:1:      dpeg_arrival_ratfight, layout_loops_cross,
          shapermc_ecumenical_altar_flowoftime, minmay_unequal
D:2:      layout_basic, serial_shops, shop, basic_altar,
          minmay_misc_feat_four_crosses, minmay_fountain_box

Skill      XL: |  1  2  3 |
---------------+----------+-----
Fighting       | 2 |  2.3
Dodging        | 2 |  2.1
Shapeshifting  | 3 |  3.0
Unarmed Combat | |  3.8

Action                     || total
---------------------------++-------
  Melee: Unarmed           ||    71
         Tailslap          ||     5
         Bite              ||     2
Ability: Breathe Fire      ||     1
   Stab: Sleeping          ||     1
 Armour: Animal skin       ||     5
         Skin              ||    22
  Dodge: Dodged            ||    52
   Form: Dragon            ||     1

Table legend: (Time is in decaauts)
 A = Elapsed time spent in this place.
 B = Non-inter-level travel time spent in this place.
 C = Inter-level travel time spent in this place.
 D = Time resting spent in this place.
 E = Time spent auto-exploring this place.
 F = Levels seen in this place.
 G = Mean time per level.
                   A        B        C        D        E       F      G
               +--------+--------+--------+--------+--------+-----+--------+
         Total |    950 |    920 |     30 |      0 |    731 |   2 |  475.0 |
       Dungeon |    950 |    920 |     30 |      0 |    731 |   2 |  475.0 |
               +--------+--------+--------+--------+--------+-----+--------+

Top non-repeatable levels by time:
     D:1: 835 daAuts
     D:2: 114 daAuts
